 Dungeon Crawl Stone Soup version 0.30.0 (webtiles) character file.

Game seed: 5628430266241421729

34853 BigSol the Carver (level 14, 0/103 HPs)
             Began as a Djinni Monk on Sept 19, 2023.
             Was an Initiate of Makhleb.
             Slain by a cane toad (1 damage)
             ... on level 3 of the Lair of Beasts.
             The game lasted 00:53:54 (15053 turns).

BigSol the Carver (Djinni Monk)                    Turns: 15053, Time: 00:53:54

Health: 0/103      AC:  6    Str: 10    XL:     14   Next: 15%
Gold:   1121       EV: 17    Int: 14    God:    Makhleb [......] SH:  7 Dex: 25

rFire   + + +        B - +4 scimitar (flame)
rCold   x . .        f - +0 buckler
rNeg    . . .        n - +1 troll leather armour
rPois   ∞            I - +0 helmet
rElec   .            b - +2 cloak
rCorr   .            (no gloves)
SInv    .            (boots unavailable)
Will    +....        J - amulet of regeneration
Stlth   ++           o - +6 ring of dexterity
HPRegen 1.97/turn    t - ring of protection from fire
MPRegen 0.00/turn

%: infuse magic (-1 HP)
@: corroded, flying
A: sickness immunity, fire resistance 2, cold vulnerability 1, float, innate
caster, HP casting, extra vitality 1
a: Renounce Religion


You were on level 3 of the Lair of Beasts.
You worshipped Makhleb.
Makhleb was noncommittal.
You visited 3 branches of the dungeon, and saw 17 of its levels.
You also visited: Bailey.

You collected 1121 gold pieces.

Inventory:

Hand Weapons
 A - a +2 scimitar of flaming
 B - a +4 scimitar of flaming (weapon)
Armour
 b - a +2 cloak (worn)
 d - a +2 scale mail of cold resistance
 f - a +0 buckler (worn)
 n - a +1 troll leather armour (worn)
 D - a +0 kite shield
 H - a +1 leather armour of willpower
 I - a +0 helmet (worn)
 K - +0 acid dragon scales
Jewellery
 i - a ring of positive energy
 j - a ring of willpower
 l - a ring of protection from cold
 o - a +6 ring of dexterity (left hand)
 t - a ring of protection from fire (right hand)
 C - the ring of Impatience {Fire rCorr Dex+2}
   (You found it on level 5 of the Dungeon)

   [ring of fire]

   It enhances your fire magic.
   Dex:       It affects your dexterity (+2).
   rF:        It protects you from fire.
   rC:        It makes you vulnerable to cold.
   rCorr:     It protects you from acid and corrosion.
 J - an amulet of regeneration (around neck)
Wands
 a - a wand of mindburst (2)
 h - a wand of iceblast (6)
 m - a wand of flame (16)
 r - a wand of paralysis (8)
 E - a wand of acid (6)
 P - a wand of digging (4)
Scrolls
 k - 3 scrolls of blinking
 p - 4 scrolls of immolation
 q - 4 scrolls of teleportation
 u - 3 scrolls of fog
 y - 2 scrolls of magic mapping
 F - 4 scrolls of fear
 L - a scroll of identify
 M - a scroll of butterflies
 N - a scroll of poison
Potions
 c - 3 potions of ambrosia
 e - 4 potions of mutation
 g - 7 potions of curing
 s - 2 potions of heal wounds
 v - 2 potions of berserk rage
 w - 3 potions of resistance {unknown}
 x - a potion of might {unknown}
 z - 2 potions of brilliance {unknown}
 G - a potion of cancellation
 O - a potion of haste {unknown}


   Skills:
 - Level 10.2 Fighting
 * Level 13.9 Long Blades
 - Level 6.4 Armour
 - Level 7.3 Dodging
 - Level 6.7 Shields
 * Level 7.0 Spellcasting
 * Level 5.2 Invocations


You knew the following spells:

 Your Spells              Type           Power      Damage    Failure   Level
a - Necrotise             Necr           96%        1d8       1%          1
b - Scorch                Fire           48%        2d7       1%          2
c - Tukima's Dance        Hex            24%        N/A       4%          3
d - Inner Flame           Hex/Fire       24%        N/A       4%          3
e - Anguish               Hex/Necr       12%        N/A       14%         4
f - Borgnjor's Vile Clut  Necr/Erth      12%        N/A       36%         5
Your spell library was empty.

Dungeon Overview and Level Annotations

Branches:
Dungeon (12/15)            Temple (1/1) D:4            Lair (4/5) D:10
 Shoals (0/4) Lair:2        Snake (0/4) Lair:3        Slime (0/5) Lair:4
    Orc (0/2) D:12         Bailey (visited)

Altars:
Ashenzari
Cheibriados
Dithmenos
Elyvilon
Fedhas
Gozag
Hepliaklqana
Makhleb
Nemelex Xobeh
Qazlal
Ru
Trog
Wu Jian
Xom
Yredelemnul
Zin
The Shining One
Jiyva

Shops:
D:2 !   D:3 [   D:5 *   D:12 [(

Annotations:
D:5 1 runed translucent door, Sumgai83's ghost, weakling HuDe


Innate Abilities, Weirdness & Mutations

You are immune to sickness and miasma.
You are immune to poison.
Your flesh is very heat resistant. (rF++)
You are vulnerable to cold. (rC-)
You float through the air rather than walking.
You learn spells naturally, not from books.
Your magical power is your life essence.
You have superior vitality. (+4 MHP)


Message History

The wolf barely misses you. The cane toad stings you!!
You barely miss the wolf. The wolf completely misses you.
The wolf barely misses you. The cane toad closely misses you.
You block the wolf's attack. x2
You hit the wolf. You burn the wolf.
The wolf is moderately wounded.
The wolf closely misses you. The wolf bites you but does no damage.
The cane toad stings you but does no damage.
You barely miss the wolf.
The wolf is moderately wounded.
The wolf barely misses you. The wolf closely misses you.
You slash the wolf! You burn the wolf.
The wolf is almost dead.
The wolf misses you. The wolf bites you. The cane toad completely misses you.
The wolf barely misses you. The wolf closely misses you.
You closely miss the wolf.
The wolf is almost dead.
The cane toad barely misses you. You block the wolf's attack.
The wolf bites you!
You miss the wolf.
The wolf is almost dead.
The cane toad stings you!
* * * LOW HITPOINT WARNING * * *
You block the wolf's attack. The wolf bites you.
* * * LOW HITPOINT WARNING * * *
You hit the wolf. You burn the wolf.
You kill the wolf!
Makhleb accepts your kill. The wolf barely misses you.
The cane toad completely misses you.
You hit the cane toad but do no damage. The wolf bites you.
* * * LOW HITPOINT WARNING * * *
The cane toad stings you!!
* * * LOW HITPOINT WARNING * * *
The wolf misses you.
You slash the cane toad! You burn the cane toad.
The cane toad is moderately wounded.
The wolf bites you.
* * * LOW HITPOINT WARNING * * *
The cane toad stings you.
You die...

......#.###..#..######..:........
.................##.##...........
..#.#..+##.P.....................
...........#..........###########
....#.#.#.............#...####...
..#.#####..P....†.....#†♣.†..####
..#.### #..P....†.....#.♣.#..:'†.
..#...###..P.....F....#.♣.######.
..#...##.......#@h....#........##
....####......###....#########.##
..#.####...#..##.†...#♣♣.♣♣ ♣..♣
..P..#..#..#.###.....#♣.♣.♣ ♣♣~≈.
...........#...#.....#♣.♣.♣#♣.~≈.
...........#.........#.♣♣♣.#♣..≈.
...........#.........#.♣.♣.#♣♣♣..
...##.#.#P.........!.#.♣.♣.#♣...♣
.....................#.♣.♣.♣♣♣♣.♣


You could see a cane toad and a wolf.

Vanquished Creatures
  Harold (Lair:2)
  2 vault guards (Bailey)
  A hydra (Lair:3)
  Erica (D:8)
  A death yak (Lair:3)
  A two-headed ogre (D:12)
  Nergalle (Lair:1)
  A fire crab (D:10)
  3 harpies
  Pikel (D:7)
  3 cyclopes
  2 slime creatures (D:12)
  Maurice (D:8)
  5 black mambas
  2 gargoyles
  7 cane toads
  Maggie (D:7)
  2 unseen horrors
  4 rime drakes (Lair:3)
  2 komodo dragons (Lair:3)
  A hornet (Lair:2)
  4 trolls
  11 blink frogs (Lair:3)
  Prince Ribbit (Bailey)
  A vampire (D:8)
  27 yaks
  5 shadows
  4 wyverns
  A wraith (D:10)
  3 basilisks
  3 vampire mosquitoes (D:12)
  Grum (D:10)
  2 steam dragons
  4 humans (Bailey)
  2 nagas (Lair:3)
  4 acid dragons
  14 water moccasins
  6 orc warriors
  3 ice beasts
  A sky beast (D:6)
  13 wolves
  4 centaurs
  3 kobold brigands
  A phantom (D:6)
  16 bullfrogs
  2 scorpions
  3 gnoll sergeants
  5 wights (D:10)
  7 killer bees
  12 howler monkeys
  2 electric eels
  6 jellies
  Crazy Yiuf (D:3)
  6 orc priests
  3 hounds
  A gnoll bouda (D:8)
  3 iguanas
  4 sleepcaps
  Natasha (thrice) (D:2)
  10 orc wizards
  23 gnolls
  14 adders
  5 white imps
  3 ufetubi
  3 worms
  3 dart slugs
  32 orcs
  8 ball pythons
  6 bats
  5 endoplasms
  3 giant cockroaches
  7 hobgoblins
  2 jackals
  17 kobolds
  4 quokkas
  4 frilled lizards (D:1)
  9 goblins
  6 rats
399 creatures vanquished.

Vanquished Creatures (collateral kills)
  A naga (Lair:3)
1 creature vanquished.

Vanquished Creatures (others)
  2 dancing weapons
  A gnoll (D:5)
  12 fungi
  11 plants
  2 withered plants (D:5)
28 creatures vanquished.

Grand Total: 428 creatures vanquished

Notes
Turn   | Place    | Note
-------+----------+-------------------------------------------
     0 | D:1      | BigSol the Djinni Monk began the quest for the Orb.
     0 | D:1      | Reached XP level 1. HP: 20/20 MP: 0/0
    88 | D:1      | Reached XP level 2. HP: 24/25 MP: 0/0
    97 | D:1      | Reached skill level 3 in Long Blades
   258 | D:1      | Reached XP level 3. HP: 30/30 MP: 0/0
   258 | D:1      | Learned a level 1 spell: Necrotise
   790 | D:2      | Found a faded altar of an unknown god.
   816 | D:1      | Reached XP level 4. HP: 16/35 MP: 0/0
   996 | D:2      | Noticed Natasha
  1010 | D:2      | Killed Natasha
  1112 | D:2      | Reached XP level 5. HP: 40/40 MP: 0/0
  1112 | D:2      | Learned a level 2 spell: Scorch
  1259 | D:2      | Reached skill level 4 in Long Blades
  1553 | D:1      | Reached skill level 5 in Dodging
  1640 | D:2      | Noticed Natasha
  1646 | D:2      | Killed Natasha
  1668 | D:2      | Reached XP level 6. HP: 37/46 MP: 0/0
  1733 | D:2      | Noticed Natasha
  1744 | D:2      | Killed Natasha
  1860 | D:2      | Found Joidul's Distillery.
  1915 | D:2      | Reached skill level 1 in Armour
  2026 | D:3      | Found Quiptiz's Armour Boutique.
  2069 | D:3      | Found a white marble altar of Elyvilon.
  2198 | D:3      | Found a runed translucent door.
  2199 | D:3      | Noticed Crazy Yiuf
  2206 | D:3      | Killed Crazy Yiuf
  2216 | D:3      | Identified the +4 hammer of Wrath {drain, rPois Dex+2}
  3189 | D:4      | Noticed an ice beast
  3201 | D:4      | Killed an ice beast
  3202 | D:4      | Reached skill level 5 in Long Blades
  3202 | D:4      | Reached XP level 7. HP: 35/50 MP: 0/0
  3202 | D:4      | Learned a level 3 spell: Tukima's Dance
  3562 | D:4      | Found a staircase to the Ecumenical Temple.
  3568 | Temple   | Entered the Ecumenical Temple
  3610 | Temple   | Became a worshipper of the Shining One
  3610 | Temple   | Reached * piety under the Shining One
  3610 | Temple   | Reached ** piety under the Shining One
  3678 | D:4      | Found a bloodstained altar of Trog.
  3701 | D:4      | Found a blossoming altar of Fedhas.
  4076 | D:5      | Entered Level 5 of the Dungeon
  4086 | D:5      | Identified the ring of Impatience {Fire rCorr Dex+2}
  4111 | D:5      | Noticed a water moccasin
  4211 | D:5      | Killed a water moccasin
  4313 | D:5      | Noticed Sumgai83's ghost (weakling HuDe)
  4314 | D:5      | Found a runed translucent door.
  4396 | D:5      | Found Wnwej's Whimsical Warehouse.
  4440 | D:5      | Reached skill level 6 in Long Blades
  4440 | D:5      | Reached XP level 8. HP: 56/56 MP: 0/0
  5145 | D:5      | Found a burning altar of Makhleb.
  5753 | D:6      | Reached skill level 7 in Long Blades
  5843 | D:6      | Reached skill level 5 in Fighting
  5848 | D:6      | Reached XP level 9. HP: 65/65 MP: 0/0
  5848 | D:6      | Learned a level 3 spell: Inner Flame
  5954 | D:6      | Found a broken altar of Ashenzari.
  6184 | D:7      | Noticed Pikel
  6201 | D:7      | Killed Pikel
  6202 | D:7      | Reached skill level 8 in Long Blades
  6336 | D:7      | Found a stormy altar of Qazlal.
  6572 | D:7      | Found a shadowy altar of Dithmenos.
  6594 | D:7      | Noticed Maggie
  6612 | D:7      | Killed Maggie
  7018 | D:8      | Noticed Maurice
  7056 | D:8      | Killed Maurice
  7057 | D:8      | Reached skill level 9 in Long Blades
  7057 | D:8      | Reached XP level 10. HP: 43/73 MP: 0/0
  7256 | D:8      | Reached skill level 5 in Shields
  7269 | D:8      | Reached *** piety under the Shining One
  7425 | D:8      | Identified the staff of earth "Enwef" {rCorr}
  7425 | D:8      | Noticed a centaur warrior
  7425 | D:8      | Noticed a manticore
  7427 | D:8      | Noticed a deep elf pyromancer
  7427 | D:8      | Noticed a gargoyle
  7427 | D:8      | Noticed an efreet
  7428 | D:8      | Noticed a deep elf pyromancer
  7428 | D:8      | Noticed a gargoyle
  7447 | D:8      | Noticed a komodo dragon
  7558 | D:8      | Found a glowing silver altar of Zin.
  7648 | D:8      | Found a sparkling altar of Nemelex Xobeh.
  7751 | D:8      | Reached skill level 10 in Long Blades
  8033 | D:8      | Noticed Erica
  8046 | D:8      | Killed Erica
  8405 | D:8      | Reached XP level 11. HP: 48/78 MP: 0/0
  8405 | D:8      | Learned a level 4 spell: Anguish
  8538 | D:8      | Reached skill level 5 in Armour
  8688 | D:9      | Found a flagged portal.
  8696 | Bailey   | Entered a bailey
  8723 | Bailey   | Reached **** piety under the Shining One
  8876 | Bailey   | Noticed a vault guard
  8890 | Bailey   | Killed a vault guard
  8891 | Bailey   | Reached skill level 11 in Long Blades
  8951 | Bailey   | Noticed Prince Ribbit
  8951 | Bailey   | Noticed a vault guard
  8967 | Bailey   | Killed a vault guard
  8971 | Bailey   | Killed Prince Ribbit
  9064 | D:9      | Found a large runed translucent door.
  9065 | D:9      | Found a large runed translucent door.
  9280 | D:9      | Found a sacrificial altar of Ru.
  9301 | D:9      | Found a basalt altar of Yredelemnul.
  9387 | D:9      | Reached skill level 1 in Spellcasting
  9463 | D:9      | Identified the +2 cloak "Wippih" {Fly}
  9768 | D:10     | Entered Level 10 of the Dungeon
  9943 | D:10     | Found a shimmering altar of Xom.
 10283 | D:10     | Found a staircase to the Lair.
 10283 | D:10     | Noticed a fire crab
 10305 | D:10     | Killed a fire crab
 10306 | D:10     | Reached XP level 12. HP: 27/86 MP: 0/0
 10566 | D:11     | Noticed Grum
 10594 | D:10     | Killed Grum
 10898 | D:11     | Reached skill level 12 in Long Blades
 11086 | D:11     | Found a hazy altar of Hepliaklqana.
 11362 | D:12     | Reached ***** piety under the Shining One
 11465 | D:12     | Found Hagai's Armour Emporium.
 11465 | D:12     | Found a staircase to the Orcish Mines.
 11465 | D:12     | Found Xunounnivo's Weapon Emporium.
 11544 | D:12     | Found a white marble altar of Elyvilon.
 11562 | D:12     | Noticed a two-headed ogre
 11614 | D:12     | Killed a two-headed ogre
 11816 | D:12     | Identified the +4 plate armour of Hedonism {rPois Str+4}
 11996 | Lair:1   | Entered Level 1 of the Lair of Beasts
 12253 | Lair:1   | Reached XP level 13. HP: 22/94 MP: 0/0
 12253 | Lair:1   | Learned a level 5 spell: Borgnjor's Vile Clutch
 12846 | Lair:1   | Reached skill level 5 in Spellcasting
 12900 | Lair:2   | Noticed Nergalle
 12919 | Lair:1   | Killed Nergalle
 12960 | Lair:2   | Reached skill level 10 in Fighting
 12982 | Lair:2   | Found a staircase to the Shoals.
 13021 | Lair:2   | Reached skill level 13 in Long Blades
 13100 | Lair:2   | Reached skill level 1 in Invocations
 13275 | Lair:2   | Noticed Harold
 13289 | Lair:2   | Killed Harold
 13727 | Lair:3   | Found a staircase to the Snake Pit.
 14010 | Lair:3   | Reached XP level 14. HP: 103/103 MP: 0/0
 14161 | Lair:3   | Reached skill level 5 in Invocations
 14469 | D:5      | Fell from the grace of the Shining One
 14470 | D:5      | Became a worshipper of Makhleb the Destroyer
 14997 | Lair:4   | Found a viscous altar of Jiyva.
 14997 | Lair:4   | Found a staircase to the Slime Pits.
 15052 | Lair:3   | HP: 2/103 [cane toad (21)]
 15053 | Lair:3   | Slain by a cane toad

Illustrated notes

Levels and vault maps discovered:
D:1:      psy_arrival_dodecagon, layout_basic, minmay_pentomino_s4
D:2:      layout_loops_ring, dreamdust_ecumenical_altar_grove, serial_shops,
          nicolae_lakefront_shop, st_stairs_2, uniq_natasha
D:3:      layout_loops_corners, lemuel_crystal_altar, serial_shops,
          nicolae_shop_stone, roderic_serpentine_path, uniq_crazy_yiuf_cottage
D:4:      layout_basic, trog_three_pillars_becter, fedhas_altar_2,
          minmay_temple_entry_enclosed_plants, kennysheep_generic_room_7
D:5:      layout_basic, amcnicky_altar_gilded, gammafunk_ghost_grave,
          nicolae_alphabet_shops, minmay_chambers_of_fives
D:6:      layout_cave_pools, mainiacjoe_overflow_tiny_flanked,
          mainiacjoe_overflow_alcove_1, minmay_misc_feat_tiny
D:7:      layout_loops_ring, nicolae_overflow_crystal_walls,
          grunt_qazlal_sundering, uniq_pikel, uniq_maggie
D:8:      layout_basic, mainiacjoe_overflow_surrounded_room,
          nemelex_diamond_rough_becter, nrook_loot_triangle, kennysheep_doodads,
          minivault_12, uniq_erica, uniq_maurice
D:9:      layout_cave_pools, jmf_multi_god_temple2, serial_column_ruins,
          column_ruins_hut, column_ruins_open_tiny,
          column_ruins_corridor_straight, column_ruins_grid_4, enter_bailey_2
D:10:     layout_loops_cross, mainiacjoe_overflow_six_doors_small,
          minmay_lair_entry_lava, kennysheep_crisscross
D:11:     layout_basic, worldfamousw_hep_ancestral_shrine, uniq_grum
D:12:     layout_basic, orc_david_3, elyvilon_altar_5
Temple:   hellmonk_temple_beads
Lair:1:   layout_regular_city, hibernation_bobbens
Lair:2:   layout_layer_cave, nicolae_shoals_entry_roost, uniq_nergalle,
          uniq_harold
Lair:3:   nzn_winding_woodlands_three_and_one
          [nzn_winding_woodlands_5x15_split_checker,
          nzn_winding_woodlands_5x15_pathside_ponds,
          nzn_winding_woodlands_5x15_eye, nzn_winding_woodlands_center_lodge],
          layout_chaotic_city, nicolae_snake_entry_squirm
Lair:4:   layout_roguey, minmay_slime_entry_pillars, uniq_urug

Skill      XL: |  1  2  3  4  5  6  7  8  9 10 11 12 13 14 |
---------------+-------------------------------------------+-----
Long Blades    | 3 4 5 6 7 9 10 11 12 13 | 13.9
Dodging        | 4 5 7 |  7.3
Armour         | 2 4 6 |  6.4
Fighting       | 5 6 7 9 10 | 10.2
Shields        | 3 6 |  6.7
Spellcasting   | 2 4 6 7 |  7.0
Invocations    | 4 5 |  5.2

Action                     |  1- 3 |  4- 6 |  7- 9 | 10-12 | 13-15 || total
---------------------------+-------+-------+-------+-------+-------++-------
  Melee: Falchion          |    81 |   163 |   291 |       |       ||   535
         Punch             |       |       |     4 |       |       ||     4
         Long sword        |       |       |    24 |    81 |       ||   105
         Scimitar          |       |       |       |   409 |   305 ||   714
   Cast: Inner Flame       |       |       |       |    13 |     4 ||    17
         Scorch            |       |       |       |     5 |     3 ||     8
         Tukima's Dance    |       |       |       |     3 |     8 ||    11
 Invoke: Renounce Religion |       |       |       |       |     1 ||     1
    Use: Scroll            |       |       |    18 |    10 |       ||    28
         Potion            |       |       |       |     2 |     1 ||     3
 Armour: Robe              |    12 |     1 |       |       |       ||    13
         Ring mail         |       |    36 |    82 |       |       ||   118
         Steam dragon scal |       |       |     4 |    26 |       ||    30
         Troll leather arm |       |       |       |    50 |    66 ||   116
         Skin              |       |       |       |    12 |       ||    12
  Dodge: Dodged            |    81 |    93 |   202 |   329 |   208 ||   913
  Block: Buckler           |       |       |    11 |   163 |    90 ||   264
